PA
WASHINGTON GENERALS @ ALAMEDA AIRMEN
08/09/2026
 
TOP OF THE 1ST
Washington Generals batting - Pitching for Alameda Airmen : RHP Miguel Cabañas
Pitching: RHP Miguel Cabañas
Batting: SHB Dennis Barraclough 0-0: Ball
1-0: Hit by Pitch
Batting: RHB Ken Bone 0-0: Called Strike
0-1: DOUBLE (Flyball, 89M)
Dennis Barraclough to third
Batting: RHB Nick Boyd 0-0: Ball
1-0: Foul Ball, location: 2F
1-1: Ball
2-1: Swinging Strike
2-2: Fly out, F6 (Popup, 6MD)
Batting: RHB Wilbur Kramer 0-0: Ball
1-0: Foul Ball, location: 2F
1-1: Called Strike
1-2: Ball
2-2: Strikes out looking
Batting: RHB Brant Thigpen 0-0: Ball
1-0: Called Strike
1-1: Swinging Strike
1-2: Strikes out looking
Top of the 1st over - 0 run(s), 1 hit(s), 0 error(s), 2 left on base; Washington 0 - Alameda 0
BOTTOM OF THE 1ST
Alameda Airmen batting - Pitching for Washington Generals : LHP Daniel Ryan
Pitching: LHP Daniel Ryan
Batting: RHB Yehonatan Chazan 0-0: Called Strike
0-1: Ball
1-1: Ball
2-1: SOLO HOME RUN (Flyball, 78XD), Distance : 405 ft
Batting: RHB Mark Poirer 0-0: Ball
1-0: Fly out, F7 (Flyball, 78D)
Batting: RHB Alfonso Nazario 0-0: Called Strike
0-1: Ground out 6-3 (Groundball, 6)
Batting: LHB Lloyd Kent 0-0: Foul Ball, location: 2F
0-1: Ball
1-1: Ball
2-1: Ball
3-1: Base on Balls
Batting: RHB Javier Marino 0-0: Ball
1-0: Ball
2-0: Ball
3-0: Base on Balls
Lloyd Kent to second
Batting: SHB Adam Staats 0-0: Foul Ball, location: 2F
0-1: Ball
1-1: Foul Ball, location: 2F
1-2: Strikes out swinging
Bottom of the 1st over - 1 run(s), 1 hit(s), 0 error(s), 2 left on base; Washington 0 - Alameda 1
TOP OF THE 2ND
Washington Generals batting - Pitching for Alameda Airmen : RHP Miguel Cabañas
Batting: RHB Roberto Aguirre 0-0: Called Strike
0-1: Foul Ball, location: 2F
0-2: Ball
1-2: Ball
2-2: Ground out 5-3 (Groundball, 56)
Batting: RHB Mike Isley 0-0: Ball
1-0: Fly out, F7 (Flyball, 7LDF)
Batting: RHB Ángel Castro 0-0: Called Strike
0-1: Swinging Strike
0-2: Foul Ball, location: 2F
0-2: Foul Ball, location: 2F
0-2: Strikes out looking
Top of the 2nd over - 0 run(s), 0 hit(s), 0 error(s), 0 left on base; Washington 0 - Alameda 1
BOTTOM OF THE 2ND
Alameda Airmen batting - Pitching for Washington Generals : LHP Daniel Ryan
Batting: RHB Jud Regan 0-0: Called Strike
0-1: Foul Ball, location: 2F
0-2: Ball
1-2: Strikes out swinging
Batting: RHB Mario Salazar 0-0: Ball
1-0: Foul Ball, location: 2F
1-1: Ball
2-1: Ball
3-1: Foul Ball, location: 2F
3-2: Ground out 1-3 (Groundball, 15S)
Batting: RHB Howard Lee 0-0: Called Strike
0-1: Ball
1-1: Ball
2-1: Ball
3-1: Foul Ball, location: 2F
3-2: Foul Ball, location: 2F
3-2: Foul Ball, location: 2F
3-2: Strikes out looking
Bottom of the 2nd over - 0 run(s), 0 hit(s), 0 error(s), 0 left on base; Washington 0 - Alameda 1
TOP OF THE 3RD
Washington Generals batting - Pitching for Alameda Airmen : RHP Miguel Cabañas
Batting: RHB Michael Douglas 0-0: Ball
1-0: Called Strike
1-1: Foul Ball, location: 2F
1-2: Ball
2-2: Ball
3-2: Ground out 4-3 (Groundball, 4)
Batting: SHB Dennis Barraclough 0-0: Called Strike
0-1: Ball
1-1: Called Strike
1-2: Foul Ball, location: 2F
1-2: Fly out, F7 (Flyball, 7D)
Batting: RHB Ken Bone 0-0: Ball
1-0: Fly out, F9 (Flyball, 9)
Top of the 3rd over - 0 run(s), 0 hit(s), 0 error(s), 0 left on base; Washington 0 - Alameda 1
BOTTOM OF THE 3RD
Alameda Airmen batting - Pitching for Washington Generals : LHP Daniel Ryan
Batting: RHB Yehonatan Chazan 0-0: Ball
1-0: Ball
2-0: Foul Ball, location: 2F
2-1: Called Strike
2-2: Foul Ball, location: 2F
2-2: Foul Ball, location: 2F
2-2: Ball
3-2: Fly out, F3 (Popup, 3S)
Batting: RHB Mark Poirer 0-0: Called Strike
0-1: Ground out 5-3 (Groundball, 56S)
Batting: RHB Alfonso Nazario 0-0: Called Strike
0-1: Foul Ball, location: 2F
0-2: Strikes out looking
Bottom of the 3rd over - 0 run(s), 0 hit(s), 0 error(s), 0 left on base; Washington 0 - Alameda 1
TOP OF THE 4TH
Washington Generals batting - Pitching for Alameda Airmen : RHP Miguel Cabañas
Batting: RHB Nick Boyd 0-0: Ball
1-0: Fly out, F6 (Popup, 6MD)
Batting: RHB Wilbur Kramer 0-0: Called Strike
0-1: Ball
1-1: Ball
2-1: Called Strike
2-2: Strikes out swinging
Batting: RHB Brant Thigpen 0-0: Ball
1-0: Foul Ball, location: 2F
1-1: Foul Ball, location: 2F
1-2: Foul Ball, location: 2F
1-2: SINGLE (Line Drive, 4M)
Batting: RHB Roberto Aguirre 0-0: Ball
1-0: Ball
2-0: Called Strike
2-1: Foul Ball, location: 2F
2-2: Foul Ball, location: 2F
2-2: Ball
3-2: Foul Ball, location: 2F
3-2: Foul Ball, location: 2F
3-2: Foul Ball, location: 2F
3-2: Base on Balls
Brant Thigpen to second
Batting: RHB Mike Isley 0-0: Called Strike
0-1: Swinging Strike
0-2: Ball
1-2: Ball
2-2: Foul Ball, location: 2F
2-2: Ball
3-2: Strikes out swinging
Top of the 4th over - 0 run(s), 1 hit(s), 0 error(s), 2 left on base; Washington 0 - Alameda 1
BOTTOM OF THE 4TH
Alameda Airmen batting - Pitching for Washington Generals : LHP Daniel Ryan
Batting: LHB Lloyd Kent 0-0: Called Strike
0-1: Ball
1-1: Foul Ball, location: 2F
1-2: Ground out 4-3 (Groundball, 4)
Batting: RHB Javier Marino 0-0: Swinging Strike
0-1: Ball
1-1: Ball
2-1: Foul Ball, location: 2F
2-2: Strikes out swinging
Batting: SHB Adam Staats 0-0: Ball
1-0: Called Strike
1-1: Called Strike
1-2: Strikes out swinging
Bottom of the 4th over - 0 run(s), 0 hit(s), 0 error(s), 0 left on base; Washington 0 - Alameda 1
TOP OF THE 5TH
Washington Generals batting - Pitching for Alameda Airmen : RHP Miguel Cabañas
Batting: RHB Ángel Castro 0-0: Ball
1-0: Foul Ball, location: 2F
1-1: Ball
2-1: Ball
3-1: Base on Balls
Batting: RHB Michael Douglas 0-0: Sac Bunt - play at second, runner OUT! 5-6
Batting: SHB Dennis Barraclough 0-0: Swinging Strike
0-1: Called Strike
0-2: Ball
1-2: Strikes out swinging
Batting: RHB Ken Bone 0-0: Called Strike
0-1: Ball
1-1: Ball
2-1: Foul Ball, location: 2F
2-2: Ball
3-2: Foul Ball, location: 2F
3-2: Base on Balls
Michael Douglas to second
Batting: RHB Nick Boyd 0-0: Ball
1-0: Ball
2-0: Foul Ball, location: 2F
2-1: Ball
3-1: Base on Balls
Michael Douglas to third
Ken Bone to second
Batting: RHB Wilbur Kramer 0-0: Called Strike
0-1: Ball
1-1: Ball
2-1: Foul Ball, location: 2F
2-2: Foul Ball, location: 2F
2-2: Strikes out swinging
Top of the 5th over - 0 run(s), 0 hit(s), 0 error(s), 3 left on base; Washington 0 - Alameda 1
BOTTOM OF THE 5TH
Alameda Airmen batting - Pitching for Washington Generals : LHP Daniel Ryan
Batting: RHB Jud Regan 0-0: Called Strike
0-1: Called Strike
0-2: Ball
1-2: Foul Ball, location: 2F
1-2: Fly out, F4 (Popup, 4D)
Batting: RHB Mario Salazar 0-0: Called Strike
0-1: Ball
1-1: Foul Ball, location: 2F
1-2: Strikes out swinging
Batting: RHB Howard Lee 0-0: Called Strike
0-1: Ball
1-1: Swinging Strike
1-2: Foul Ball, location: 2F
1-2: Ball
2-2: Strikes out swinging
Bottom of the 5th over - 0 run(s), 0 hit(s), 0 error(s), 0 left on base; Washington 0 - Alameda 1
TOP OF THE 6TH
Washington Generals batting - Pitching for Alameda Airmen : RHP Miguel Cabañas
Pitching: RHP Jesús Pineda
Batting: RHB Brant Thigpen 0-0: Ball
1-0: SINGLE (Line Drive, 4D)
Batting: RHB Roberto Aguirre 0-0: Bunted foul
0-1: Bunted foul
0-2: Foul Ball, location: 2F
0-2: Ball
1-2: Strikes out swinging
Batting: RHB Mike Isley 0-0: Ball
1-0: Foul Ball, location: 2F
1-1: Called Strike
1-2: Foul Ball, location: 2F
1-2: Fielders Choice at 2nd, 6-4 (Groundball, 6)
Batting: RHB Ángel Castro 0-0: Ball
1-0: Ball
2-0: Called Strike
2-1: Foul Ball, location: 2F
2-2: Strikes out swinging
Top of the 6th over - 0 run(s), 1 hit(s), 0 error(s), 1 left on base; Washington 0 - Alameda 1
BOTTOM OF THE 6TH
Alameda Airmen batting - Pitching for Washington Generals : LHP Daniel Ryan
Batting: RHB Yehonatan Chazan 0-0: Swinging Strike
0-1: Ball
1-1: Ball
2-1: Ball
3-1: Base on Balls
Batting: RHB Mark Poirer 0-0: Ball
Yehonatan Chazan steals 2nd base
1-0: Swinging Strike
1-1: Foul Ball, location: 2F
1-2: Ball
2-2: SINGLE (Line Drive, 9S)
Yehonatan Chazan to third
Batting: RHB Alfonso Nazario 0-0: Ball
1-0: Ball
2-0: Called Strike
2-1: Ground out 5-3 (Groundball, 56S)
Mark Poirer to second
Batting: LHB Lloyd Kent 0-0: Ball
1-0: Ball
Wild Pitch!
Yehonatan Chazan scores
Mark Poirer to third
2-0: SINGLE (Groundball, 34D)
Mark Poirer scores
Pitching: RHP Dorian Roberts
Batting: RHB Javier Marino 0-0: Called Strike
0-1: Grounds into double play, 6-4-3 (Groundball, 6MD)
Bottom of the 6th over - 2 run(s), 2 hit(s), 0 error(s), 0 left on base; Washington 0 - Alameda 3
TOP OF THE 7TH
Washington Generals batting - Pitching for Alameda Airmen : RHP Jesús Pineda
Batting: RHB Michael Douglas 0-0: Ball
1-0: Called Strike
1-1: Swinging Strike
1-2: Strikes out looking
Batting: SHB Dennis Barraclough 0-0: Ball
1-0: Called Strike
1-1: Foul Ball, location: 2F
1-2: Ball
2-2: Ball
3-2: Ground out U3 (Groundball, 34)
Batting: RHB Ken Bone 0-0: Fly out, F8 (Flyball, 8RM)
Top of the 7th over - 0 run(s), 0 hit(s), 0 error(s), 0 left on base; Washington 0 - Alameda 3
BOTTOM OF THE 7TH
Alameda Airmen batting - Pitching for Washington Generals : RHP Dorian Roberts
Batting: SHB Adam Staats 0-0: Swinging Strike
0-1: Foul Ball, location: 2F
0-2: Strikes out swinging
Batting: RHB Jud Regan 0-0: Called Strike
0-1: Swinging Strike
0-2: Ball
1-2: Ground out 5-3 (Groundball, 5S)
Batting: RHB Mario Salazar 0-0: Called Strike
0-1: Ball
1-1: Ball
2-1: Ball
3-1: Base on Balls
Batting: RHB Howard Lee 0-0: Called Strike
0-1: Ball
1-1: Ball
2-1: Foul Ball, location: 2F
2-2: Strikes out swinging
Bottom of the 7th over - 0 run(s), 0 hit(s), 0 error(s), 1 left on base; Washington 0 - Alameda 3
TOP OF THE 8TH
Washington Generals batting - Pitching for Alameda Airmen : RHP Jesús Pineda
Batting: RHB Nick Boyd 0-0: Swinging Strike
0-1: Ball
1-1: Ball
2-1: Ball
3-1: Base on Balls
Pitching: RHP Rodrigo Sandoval
Batting: RHB Wilbur Kramer 0-0: Swinging Strike
0-1: Swinging Strike
0-2: Ball
1-2: Ball
2-2: Strikes out swinging
Batting: RHB Brant Thigpen 0-0: Ball
1-0: Called Strike
1-1: Ball
2-1: Ball
3-1: Called Strike
3-2: Strikes out swinging
Batting: RHB Roberto Aguirre 0-0: Called Strike
0-1: Ball
1-1: Ball
2-1: Fly out, F8 (Line Drive, 8LS)
Top of the 8th over - 0 run(s), 0 hit(s), 0 error(s), 1 left on base; Washington 0 - Alameda 3
BOTTOM OF THE 8TH
Alameda Airmen batting - Pitching for Washington Generals : RHP Dorian Roberts
Batting: RHB Yehonatan Chazan 0-0: Called Strike
0-1: Ball
1-1: Ball
2-1: Ball
3-1: Swinging Strike
3-2: Foul Ball, location: 2F
3-2: SOLO HOME RUN (Flyball, 78XD), Distance : 421 ft
Batting: RHB Mark Poirer 0-0: Swinging Strike
0-1: Ball
1-1: Ball
2-1: Ball
3-1: Base on Balls
Batting: RHB Alfonso Nazario 0-0: Called Strike
0-1: Foul Ball, location: 2F
0-2: Hit by Pitch
Mark Poirer to second
Batting: LHB Lloyd Kent 0-0: Foul Ball, location: 2F
0-1: Ball
1-1: Swinging Strike
1-2: Ball
2-2: Ball
3-2: Base on Balls
Mark Poirer to third
Alfonso Nazario to second
Batting: RHB Javier Marino 0-0: Ball
1-0: Foul Ball, location: 2F
1-1: Ball
2-1: Ball
3-1: Called Strike
3-2: Grounds into double play, 6-4-3 (Groundball, 6M)
Mark Poirer scores
Alfonso Nazario to third
Batting: SHB Adam Staats 0-0: Foul Ball, location: 2F
0-1: Fly out, F3 (Line Drive, 3L)
Bottom of the 8th over - 2 run(s), 1 hit(s), 0 error(s), 1 left on base; Washington 0 - Alameda 5
TOP OF THE 9TH
Washington Generals batting - Pitching for Alameda Airmen : RHP Rodrigo Sandoval
Batting: RHB Mike Isley 0-0: Foul Ball, location: 2F
0-1: Swinging Strike
0-2: Ball
1-2: Fly out, F8 (Line Drive, 8LS)
Batting: RHB Ángel Castro 0-0: Ball
1-0: Called Strike
1-1: Called Strike
1-2: Strikes out swinging
Batting: RHB Michael Douglas 0-0: Ball
1-0: Ground out 3-1 (Groundball, 34)
Top of the 9th over - 0 run(s), 0 hit(s), 0 error(s), 0 left on base; Washington 0 - Alameda 5
Monday, March 20th, 2017 - OOTP Baseball 17.12 Build 75